Map: Simulacrum LE

Players

AgoElazer (Elazer)

  • Race: Zerg Zerg
  • Spawn Location: 5:00

Bunny - Winner!

  • Race: Terran Terran
  • Spawn Location: 11:00

Event: StayAtHomestory Cup #1

VOD

Have the link to the VOD?

Description

Time

  • Played on: April 10, 2020, 5:45 a.m.
  • Length: 13:47

All games in this series

Show
View Real Time Build Order
Export as new Build Order

AgoElazer Zerg 

Build Orders: Hatch First, Muta Ling Bane 

Get SALT Encoding   

  12  0:00  Drone  
  13  0:12  Overlord  
  13  0:17  Drone  
  14  0:30  Drone x2  
  16  0:48  Hatchery  
  15  0:51  Drone  
  15  0:55  Drone  
  17  0:59  Drone  
  18  1:09  Extractor  
  17  1:13  Spawning Pool  
  17  1:17  Drone  
  17  1:20  Drone  
  18  1:28  Drone  
  19  1:38  Drone  
  20  1:49  Drone  
  21  2:00  Queen  
  21  2:01  Zergling x2, Queen  
  25  2:02  Zergling x2  
  27  2:14  Hatchery  
  26  2:19  Overlord  
  26  2:22  Drone  
  27  2:25  Drone  
  28  2:33  Metabolic Boost  
  28  2:39  Drone x3  
  31  2:47  Queen  
  31  2:51  Overlord  
  33  2:54  Drone  
  33  2:56  Drone  
  35  3:00  Drone  
  36  3:11  Drone x2  
  38  3:15  Drone x3  
  38  3:17  Drone  
  42  3:22  Overlord  
  42  3:24  Queen  
  44  3:28  Queen  
  44  3:32  Drone x2  
  48  3:36  Overlord  
  48  3:43  Zergling x6  
  48  3:44  Zergling x2  
  48  3:47  Drone  
  53  3:50  Drone x2  
  53  3:54  Drone  
  56  3:58  Drone x3  
  56  3:59  Lair  
  59  4:06  Baneling Nest  
  59  4:08  Queen  
  60  4:14  Overlord  
  60  4:15  Drone  
  61  4:17  Zergling x6  
  61  4:19  Drone  
  61  4:20  Drone  
  66  4:30  Overlord  
  66  4:32  Spore Crawler x2  
  66  4:33  Spore Crawler  
  66  4:35  Drone x4  
  66  4:36  Drone  
  66  4:37  Drone  
  69  4:39  Drone x2  
  69  4:43  Drone x2  
  73  4:46  Extractor  
  73  4:47  Drone x2  
  73  4:48  Drone  
  73  4:52  Queen  
  77  4:58  Drone x2  
  77  5:04  Drone x5  
  77  5:06  Drone  
  71  5:14  Drone x5  
  71  5:16  Drone  
  71  5:20  Overlord  
  71  5:21  Overseer, Drone  
  78  5:25  Drone x3  
  81  5:35  Overlord  
  81  5:43  Extractor  
  81  5:44  Extractor  
  81  5:45  Extractor  
  81  5:46  Overlord  
  81  5:49  Centrifical Hooks  
  78  5:50  Evolution Chamber  
  78  5:52  Evolution Chamber, Drone x5  
  78  5:55  Drone x3  
  85  5:57  Drone x2  
  85  5:59  Drone  
  85  6:00  Hatchery  
  85  6:01  Drone x2  
  85  6:02  Drone  
  89  6:09  Zergling x12  
  95  6:18  Zerg Melee Weapons Level 1, Zerg Ground Armor Level 1  
  95  6:19  Overlord, Extractor  
  95  6:20  Zergling x2  
  95  6:21  Zergling x4  
  95  6:24  Overlord x2  
  97  6:42  Overlord  
  98  6:47  Zergling x22  
  98  6:48  Baneling  
  98  6:49  Baneling x10  
  108  6:58  Overlord  
  109  7:01  Zergling x4  
  109  7:07  Overlord  
  110  7:10  Zergling x10  
  115  7:18  Overlord  
  115  7:19  Baneling x7  
  115  7:21  Drone  
  116  7:23  Spire  
  116  7:27  Drone  
  116  7:28  Drone  
  116  7:29  Hatchery  
  116  7:30  Zergling x10  
  119  7:38  Zergling x2  
  119  7:39  Zergling x10  
  110  7:52  Zergling x2  
  110  7:53  Zergling x14  
  110  7:54  Queen  
  110  7:55  Queen x2  
  121  8:00  Overlord  
  121  8:03  Zergling x14  
  128  8:09  Hatchery  
  128  8:12  Baneling x18  
  127  8:15  Zergling x8  
  127  8:17  Zergling x2  
  132  8:21  Zerg Melee Weapons Level 2  
  132  8:25  Zerg Ground Armor Level 2  
  132  8:30  Drone x3  
  132  8:32  Drone x3  
  138  8:35  Baneling x4  
  138  8:36  Baneling  
  138  8:37  Baneling x2  
  138  8:38  Baneling x2  
  138  8:39  Baneling  
  138  8:42  Overlord  
  138  8:45  Drone x2  
  138  8:47  Drone x2  
  138  8:49  Drone x2  
  140  8:57  Zergling x8  
  140  9:03  Zergling x2  
  140  9:04  Zergling x6  
  130  9:10  Zergling x4  
  130  9:18  Mutalisk x2  
  134  9:27  Mutalisk x5  
  134  9:31  Mutalisk x2  
  148  9:39  Overseer  
  148  9:40  Overseer  
  148  9:41  Zergling x10  
  148  9:43  Baneling x3  
  151  9:49  Zergling x6  
  149  9:54  Zergling x14  
  150  10:01  Zergling x18  
  150  10:08  Drone x4  
  146  10:15  Mutalisk x4, Zerg Flyer Weapons Level 1  
  146  10:16  Pneumatized Carapace  
  146  10:17  Overseer  
  154  10:29  Mutalisk x5  
  154  10:31  Zergling x6  
  166  10:37  Baneling x7  
  166  10:38  Overlord x3, Baneling  
  166  10:40  Zergling x4  
  168  10:46  Zergling x8, Infestation Pit  
  171  10:57  Zergling x14  
  177  11:02  Hatchery  
  150  11:12  Zergling x28  
  161  11:19  Zergling x2  
  161  11:20  Zergling x12  
  159  11:31  Zergling x18  
  165  11:35  Hive  
  165  11:36  Baneling x3  
  165  11:37  Baneling x3  
  165  11:41  Drone, Extractor  
  165  11:42  Spore Crawler  
  165  11:44  Drone x2  
  165  11:45  Drone  
  167  11:48  Baneling x9  
  167  11:49  Baneling x2  
  166  11:57  Baneling x7  
  166  11:58  Zergling x6, Baneling x3  
  165  12:05  Zergling x12  
  171  12:08  Baneling  
  171  12:13  Zergling x12  
  158  12:29  Zergling x28  
  152  12:36  Zergling x12  
  132  12:51  Mutalisk x2  
  132  12:52  Mutalisk x4  
  141  12:59  Mutalisk x4  
  141  13:05  Drone x4  
  152  13:06  Drone  
  152  13:11  Drone x4  
  157  13:13  Drone x2  
  157  13:16  Drone x2  
  157  13:19  Drone x3  
  164  13:21  Baneling  
  164  13:22  Baneling x4  
  164  13:23  Baneling x2  
  164  13:24  Overseer  
  164  13:26  Baneling x3  
  164  13:27  Baneling  
Show
View Real Time Build Order
Export as new Build Order

Bunny Terran - Winner!

Build Orders: Liberator Opening, Reaper Expand 

Get SALT Encoding   

  12  0:00  SCV  
  13  0:13  SCV  
  14  0:17  Supply Depot  
  14  0:25  SCV  
  15  0:39  SCV  
  15  0:40  Barracks  
  16  0:44  Refinery  
  16  0:51  SCV  
  17  1:03  SCV  
  18  1:15  SCV  
  19  1:28  Reaper, Orbital Command  
  20  1:40  Command Center  
  20  1:52  Supply Depot  
  20  1:53  SCV  
  21  1:59  Marine  
  22  2:05  SCV  
  23  2:09  Factory  
  23  2:16  Refinery  
  23  2:17  SCV  
  23  2:22  Barracks Reactor  
  24  2:29  SCV  
  25  2:41  SCV  
  26  2:52  Orbital Command  
  26  2:53  SCV  
  26  2:54  Starport  
  27  3:04  Hellion x2  
  31  3:06  SCV  
  31  3:08  Barracks Tech Lab  
  32  3:18  SCV  
  32  3:19  SCV  
  34  3:24  Supply Depot  
  34  3:25  Hellion x2  
  38  3:28  Marine  
  38  3:30  SCV  
  38  3:31  SCV  
  38  3:33  Liberator  
  44  3:42  SCV  
  44  3:43  SCV  
  44  3:47  Hellion  
  44  3:48  Hellion  
  50  3:54  SCV, Supply Depot  
  50  3:55  SCV  
  52  4:09  SCV  
  53  4:10  SCV  
  53  4:11  Command Center  
  54  4:17  Liberator  
  54  4:20  Hellion  
  54  4:21  Hellion  
  61  4:25  Supply Depot  
  61  4:29  SCV  
  62  4:36  Stimpack  
  62  4:42  Supply Depot  
  62  4:47  SCV x2  
  62  4:49  Barracks  
  62  4:52  Barracks  
  64  4:59  SCV x2, Marine  
  66  5:05  Factory Reactor  
  66  5:06  Starport Reactor  
  65  5:11  SCV x2  
  62  5:16  Refinery  
  62  5:17  Refinery, Marine  
  63  5:23  Orbital Command  
  63  5:25  SCV x2  
  65  5:29  Engineering Bay x2  
  65  5:35  Marine  
  65  5:39  SCV x2  
  67  5:51  SCV x2, Orbital Command  
  67  5:53  Marine x3  
  67  5:54  Marine x2, Factory Tech Lab  
  67  5:55  Medivac x2  
  78  5:57  Terran Infantry Weapons Level 1  
  78  5:58  Terran Infantry Armor Level 1  
  78  6:02  Barracks  
  78  6:03  SCV x2, Barracks  
  80  6:06  Supply Depot  
  80  6:08  Supply Depot  
  80  6:11  Marine x5  
  80  6:14  Siege Tank  
  80  6:15  SCV  
  80  6:16  SCV  
  90  6:20  SCV  
  91  6:28  SCV x2  
  91  6:29  Medivac x2  
  97  6:35  SCV  
  97  6:36  Supply Depot  
  97  6:39  Combat Shield, Marine x5  
  100  6:40  SCV x2  
  100  6:46  Siege Tank  
  108  6:48  SCV  
  109  6:57  Marine  
  109  6:58  SCV x2, Supply Depot  
  109  6:59  Barracks Reactor, Supply Depot  
  109  7:00  Barracks Reactor  
  112  7:04  Supply Depot  
  112  7:05  Marine x4  
  116  7:11  Armory  
  116  7:12  Factory  
  116  7:13  SCV  
  117  7:18  Marine  
  117  7:19  SCV x2, Refinery  
  117  7:23  Marine x2, Widow Mine  
  117  7:29  Marine x2  
  123  7:30  Medivac x2  
  123  7:36  Refinery, Marine  
  128  7:41  Marine x5  
  128  7:43  SCV x3  
  124  7:52  Widow Mine  
  124  7:53  Marauder, Marine x2  
  124  7:54  Marine  
  124  7:56  Factory Reactor  
  126  7:58  Marine  
  126  7:59  Marine  
  128  8:09  Medivac x2, Command Center  
  130  8:14  Marauder, Marine x6  
  130  8:16  Marine x2  
  130  8:17  Widow Mine, Terran Infantry Weapons Level 2  
  142  8:23  Terran Infantry Armor Level 2  
  142  8:25  Drilling Claws  
  142  8:27  SCV x3  
  142  8:32  Marine  
  142  8:33  Widow Mine  
  148  8:38  Supply Depot x2  
  148  8:40  Marauder, Widow Mine  
  152  8:51  Widow Mine  
  152  8:55  Widow Mine  
  154  9:01  Marauder, Widow Mine, Barracks  
  154  9:02  Barracks  
  158  9:03  Barracks  
  156  9:16  Supply Depot x2  
  156  9:17  Supply Depot  
  155  9:20  SCV, Supply Depot  
  155  9:21  SCV x2  
  155  9:23  Supply Depot  
  155  9:24  Widow Mine x3  
  164  9:28  Planetary Fortress  
  164  9:38  Marauder  
  166  9:39  Marine x7  
  171  9:50  SCV x3  
  171  9:52  Widow Mine x3  
  165  9:59  Marauder, Barracks Tech Lab x2  
  159  10:00  Barracks Tech Lab  
  159  10:01  Marine  
  159  10:02  Marine x7  
  161  10:10  Medivac x2  
  152  10:19  Marine x2  
  152  10:20  Missile Turret x3  
  154  10:22  Missile Turret, Thor  
  154  10:25  Marauder  
  162  10:29  Marauder  
  162  10:31  Marine  
  162  10:32  Marine x6  
  169  10:42  Terran Infantry Weapons Level 3, Terran Infantry Armor Level 3  
  169  10:51  Marauder x2  
  171  11:02  Widow Mine x2  
  167  11:05  Medivac x2  
  167  11:06  Marauder, Widow Mine  
  167  11:07  Marauder  
  167  11:12  Marine x9  
  167  11:13  Marauder  
  173  11:23  Widow Mine x2  
  172  11:27  Marine  
  172  11:29  Missile Turret  
  172  11:31  Thor  
  179  11:33  Marauder  
  179  11:34  Marauder  
  179  11:35  Barracks Tech Lab  
  179  11:36  Missile Turret  
  179  11:38  Missile Turret  
  183  11:40  Command Center  
  183  11:45  Widow Mine x2  
  183  11:46  Marauder  
  189  11:52  Medivac x2  
  191  11:55  Marauder  
  191  11:59  Marauder x2, Marine x3  
  190  12:06  Widow Mine x2  
  190  12:07  Marauder  
  196  12:10  Marine  
  196  12:11  Marine x2  
  196  12:15  Widow Mine  
  193  12:16  Marauder  
  193  12:19  Marine x5  
  193  12:20  Marauder x2  
  193  12:22  Concussive Shells  
  200  12:27  Widow Mine  
  200  12:28  Marauder, Widow Mine, Marine x3  
  183  12:31  Medivac x2  
  183  12:36  Widow Mine  
  164  12:37  Marine x2  
  164  12:41  Marauder x2  
  156  12:48  Marine x7  
  156  12:49  Widow Mine x2  
  156  12:50  Marauder  
  159  12:53  Planetary Fortress  
  159  12:55  Marauder, Marine  
  159  12:57  Widow Mine  
  164  13:02  Marine x2  
  166  13:06  Marine x4  
  166  13:08  Medivac x2  
  166  13:10  Widow Mine x2  
  178  13:16  Marauder, Marine  
  178  13:17  Marauder, Marine  
  178  13:19  Widow Mine  
  186  13:21  Marauder  
  186  13:25  Marauder  
  186  13:26  Marine  
  186  13:27  Marine x3  
Tags
 
Add a new tag
Caveats
  • Supply blocks, unpowered buildings, or Contaminate may cause inaccurate times.
  • Supply counts are checked every 10 seconds.